 Dungeon Crawl Stone Soup version 0.25.0-46-gbd7b0854d2 (webtiles) character file.

Game seed: 6033962248756125161

60 DildoBatman the Magician (level 4, -4/30 HPs)
             Began as a Formicid Wizard on July 14, 2020.
             Killed from afar by an orc wizard (7 damage)
             ... with a puff of flame
             ... on level 3 of the Dungeon.
             The game lasted 00:06:02 (2094 turns).

DildoBatman the Magician (Formicid Wizard)          Turns: 2094, Time: 00:06:02

Health: -4/30      AC:  4    Str: 12    XL:     4   Next: 24%
Magic:  8/8        EV: 12    Int: 18    God:
Gold:   137        SH:  0    Dex:  9    Spells: 2/9 levels left

rFire    . . .     SeeInvis +   a - +0 hunting sling
rCold    . . .     Gourm    .   (no shield)
rNeg     . . .     Faith    .   n - +0 robe
rPois    .         Spirit   .   (helmet unavailable)
rElec    .         Reflect  .   g - +0 cloak
rCorr    .         Harm     .   (no gloves)
MR       .....                  p - +0 pair of boots
Stlth    ++........             (no amulet)
HPRegen  0.10/turn              (no ring)
MPRegen  0.11/turn              (no ring)

@: no status effects
A: permanent stasis, dig shafts and tunnels, four strong arms, antennae 3
a: Dig, Shaft Self


You were on level 3 of the Dungeon.
You were not hungry.

You visited 1 branch of the dungeon, and saw 3 of its levels.

You collected 137 gold pieces.

Inventory:

Hand Weapons
 a - a +0 hunting sling (weapon)
 b - a +1 dagger of venom
Missiles
 m - 3 stones (quivered)
 s - 29 arrows
 w - 15 bolts
 y - 2 boomerangs
Armour
 g - a +0 cloak (worn)
 n - a +0 robe (worn)
 o - a +0 buckler
 p - a +0 pair of boots (worn)
 x - a +0 pair of gloves
Scrolls
 c - 2 scrolls of remove curse {unknown}
 e - 2 scrolls of enchant armour {unknown}
 f - 2 scrolls of fear {unknown}
 i - a scroll of enchant weapon {unknown}
 j - a scroll of identify {unknown}
 q - a scroll of fog {unknown}
 r - 2 scrolls of blinking {unknown}
 z - a scroll of magic mapping {unknown}
Potions
 d - a potion of invisibility {unknown}
 h - a potion of brilliance {unknown}
 k - 3 potions of curing {unknown}
 l - a potion of flight {unknown}
 t - a potion of haste {unknown}
Comestibles
 u - 11 chunks of flesh
 v - a ration


   Skills:
 - Level 1.7 Dodging
 - Level 2.4 Stealth
 * Level 1.5 Shields
 - Level 3.2 Spellcasting
 - Level 3.1 Conjurations
   Level 1.0 Summonings
   Level 0.8 Translocations


You had 2 spell levels left.
You knew the following spells:

 Your Spells              Type           Power        Failure   Level  Hunger
a - Conjure Flame         Conj/Fire      #.......     26%         3    ###....
c - Magic Dart            Conj           ##..         4%          1    None
e - Mephitic Cloud        Conj/Pois/Air  #.......     30%         3    ###....

Your spell library contained the following spells:

 Spells                   Type           Power        Failure   Level  Hunger
 Call Imp                 Summ           #.......     16%         2    ##.....
 Slow                     Hex            #.......     24%         2    ##.....
 Blink                    Tloc           Unusable     N/A         2    N/A

Dungeon Overview and Level Annotations

Branches:
Dungeon (3/15)

Altars:
The Shining One

Annotations:
D:2 Jessica, Natasha, Terence


Innate Abilities, Weirdness & Mutations

You cannot be hasted, slowed, berserked, paralysed or teleported.
You can dig through walls and to a lower floor.
Your four strong arms can wield two-handed weapons with a shield.
You have a pair of large antennae on your head. (SInv)


Message History

The orc wizard gestures wildly while chanting.
The orc wizard seems to speed up.
The kobold shouts!
The orc wizard casts a spell at you. The magic dart hits you!
Found 3 gold pieces.
The orc wizard points at you and mumbles some strange words.
The magic dart hits you. The orc wizard casts a spell at you.
The puff of flame hits you! The orc wizard casts a spell at you.
The magic dart hits you.
Things that are here:
a +0 vorpal hand axe a +0 rapier a +0 chain mail a goblin corpse The orc wizard points at you and mumbles some strange words.
The puff of flame hits you!
You die...

#......### ####........#
###...........####
####...##............
#....####............
.....##.## #.........# .###
##.###)........#
##.##<.......## ##@#....>..[#
####### ##.........###
.......## ##..)........
........# ###.#..##.###
........###.......#.###
#######.........o.....####
####.......#....o.......##
######....#######.........##$..
#.........# #.........## ..


You could see 2 orc wizards.

Vanquished Creatures
  An adder (D:2)
  An ooze (D:2)
  2 worms (D:2)
  2 leopard geckos (D:2)
  4 orcs (D:3)
  A ball python (D:3)
  A giant cockroach (D:1)
  3 goblins
  4 hobgoblins (D:1)
  4 jackals (D:3)
  2 quokkas (D:2)
  4 bats
  2 kobolds
  2 rats
33 creatures vanquished.

Notes
Turn   | Place    | Note
-------+----------+-------------------------------------------
     0 | D:1      | DildoBatman the Formicid Wizard began the quest for the
                  | Orb.
     0 | D:1      | Reached XP level 1. HP: 13/13 MP: 4/4
    62 | D:1      | Reached skill level 1 in Conjurations
   374 | D:1      | Reached XP level 2. HP: 19/19 MP: 1/6
   667 | D:2      | Noticed Terence
   897 | D:2      | Reached XP level 3. HP: 19/24 MP: 3/7
   902 | D:2      | Learned a level 3 spell: Conjure Flame
   906 | D:2      | Learned a level 3 spell: Mephitic Cloud
  1071 | D:2      | Noticed Natasha
  1142 | D:2      | Found a faded altar of an unknown god.
  1239 | D:2      | Found a glowing golden altar of the Shining One.
  1866 | D:3      | Reached XP level 4. HP: 29/30 MP: 8/8
  1898 | D:3      | Reached skill level 1 in Shields
  1899 | D:3      | Noticed Jessica
  2094 | D:3      | Killed from afar by an orc wizard

Illustrated notes

Levels and vault maps discovered:
D:1:      lightli_arrival_statue_moat, layout_basic
D:2:      layout_basic, chequers_ecumenical_altar_simple,
          nicolae_tso_carved_into_rock, uniq_natasha, uniq_terence
D:3:      layout_rooms, lemuel_blue_sif_altar, first_ration, uniq_jessica

Skill      XL: |  1  2  3  4 |
---------------+-------------+-----
Conjurations   | 1 2 3 |  3.1
Shields        | 1 |  1.5
Dodging        | |  1.7
Stealth        | |  2.4
Spellcasting   | |  3.2
Summonings     | |  1.0
Translocations | |  0.8

Action                   |  1- 3 |  4- 6 || total
-------------------------+-------+-------++-------
Melee: Club              |     7 |       ||     7
       Unarmed           |     3 |       ||     3
       Hand axe          |     6 |     7 ||    13
 Fire: Hunting sling     |    32 |    17 ||    49
 Cast: Magic Dart        |    60 |     7 ||    67
 Abil: Dig               |     4 |     4 ||     8
  Eat: Chunk             |     3 |     1 ||     4
Armor: Robe              |     5 |     3 ||     8
Dodge: Dodged            |    22 |    25 ||    47
